 Dungeon Crawl Stone Soup version 0.28-a0-556-gab23d0e057 (webtiles) character file.

Game seed: 16838400336395997233

11200 miscthings the Cleaver (level 11, 0/92 HPs)
             Began as a Naga Fighter on Sept 28, 2021.
             Was an Elder of Okawaru.
             Slain by a meliai (13 damage)
             ... on level 10 of the Dungeon.
             The game lasted 00:20:35 (9931 turns).

miscthings the Cleaver (Naga Fighter)               Turns: 9931, Time: 00:20:35

Health: 0/92       AC: 11    Str: 21    XL:     11   Next: 74%
Magic:  4/4        EV: 10    Int:  8    God:    Okawaru [****..]
Gold:   265        SH:  9    Dex: 12    Spells: 10/10 levels left

rFire   + . .      SeeInvis +   w - +11 mace of Dan Mab {antimagic, rElec rC+}
rCold   + + .      Faith    .   c - +0 buckler
rNeg    . . .      Spirit   .   K - +0 steam dragon scales
rPois   +          Reflect  +   e - +2 helmet
rElec   +          Harm     .   b - scarf {rC+ rF+}
rCorr   .          Rampage  .   H - +0 pair of gloves
Will    +....                   (no barding)
Stlth   +.........              i - amulet of reflection
HPRegen 0.25/turn               (no ring)
MPRegen 0.09/turn               (no ring)

@: short of breath, very slow
A: AC +3, large, see invisible, deformed body, poison resistance, slowness 2,
spit poison 1, naga tail 1
a: Spit Poison, Renounce Religion, Heroism, Finesse


You were on level 10 of the Dungeon.
You worshipped Okawaru.
Okawaru was greatly pleased with you.
You visited 2 branches of the dungeon, and saw 11 of its levels.
You also visited: Sewer and Ossuary.

You collected 577 gold pieces.
You spent 312 gold pieces at shops.

Inventory:

Hand Weapons
 o - a +1 war axe of freezing
 w - the +11 mace of Dan Mab (weapon) {antimagic, rElec rC+}
   (You found it in a sewer)

   It reduces the magical energy of the wielder, and disrupts the spells and
   magical abilities of those it strikes.
   Natural abilities and divine invocations are not affected.
   rC:        It protects you from cold.
   rElec:     It insulates you from electricity.
Armour
 b - a scarf of resistance (worn)
 c - a +0 buckler (worn)
 e - a +2 helmet (worn)
 E - the +3 hat of Pondering {ponderous, Will+ MP+10 Int+5}
   (You took it off Gastronok on level 8 of the Dungeon)

   Int:       It affects your intelligence (+5).
   MP:        It affects your magic capacity (+10).
   Will:      It increases your willpower.
 H - a +0 pair of gloves (worn)
 I - the +0 scale mail of Experimentation {rElec Int+3}
   (You bought it in a shop on level 3 of the Dungeon)

   Int:       It affects your intelligence (+3).
   rElec:     It insulates you from electricity.
 K - +0 steam dragon scales (worn)
 N - a +0 plate armour of cold resistance
Magical Staves
 l - a staff of air
Jewellery
 i - an amulet of reflection (around neck)
 O - an amulet of the acrobat
Wands
 n - a wand of polymorph (12)
 r - a wand of iceblast (13)
 u - a wand of flame (30)
Scrolls
 d - 2 scrolls of fear
 f - 4 scrolls of immolation
 k - 4 scrolls of teleportation
 m - a scroll of vulnerability
 s - 2 scrolls of enchant weapon
 y - a scroll of fog
 z - 4 scrolls of amnesia
 B - a scroll of summoning {unknown}
 D - 2 scrolls of magic mapping {unknown}
 F - a scroll of blinking {unknown}
 G - a scroll of holy word
 L - a scroll of enchant armour {unknown}
Potions
 a - 6 potions of brilliance
 g - a potion of cancellation
 h - 2 potions of mutation
 j - 5 potions of curing
 p - 2 potions of heal wounds
 q - a potion of magic {unknown}
 t - 2 potions of flight {unknown}
 v - 3 potions of attraction
 x - 2 potions of haste {unknown}
 A - 2 potions of resistance
 C - a potion of berserk rage {unknown}
 J - a potion of lignification {unknown}
 M - a potion of degeneration {unknown}
 P - a potion of might


   Skills:
 + Level 4.1 Fighting
 - Level 12.5(14.3) Axes
 - Level 11.7(14.0) Maces & Flails
 + Level 3.4 Armour
 + Level 2.0 Dodging
 + Level 3.3 Shields
 + Level 2.6 Invocations
 + Level 2.3 Evocations


You had 10 spell levels left.
You didn't know any spells.
Your spell library contained the following spells:

 Spells                   Type           Power      Damage    Failure   Level
 Magic Dart               Conj           0%         1d3       41%         1
 Sublimation of Blood     Necr           0%         N/A       54%         2
 Wereblood                Tmut           0%         N/A       54%         2
 Mephitic Cloud           Conj/Pois/Air  0%         N/A       78%         3
 Iskenderun's Battlesphe  Conj           0%         2d6       100%        5
 Iron Shot                Conj/Erth      0%         9d1       100%        6
 Call Imp                 Summ           Unusable   N/A       N/A         2
 Spellforged Servitor     Conj/Summ      Unusable   N/A       N/A         7
 Summon Hydra             Summ           Unusable   N/A       N/A         7

Dungeon Overview and Level Annotations

Branches:
Dungeon (10/15)            Temple (1/1) D:6            Lair (0/6) D:8
  Sewer (visited)         Ossuary (visited)
    Orc: D:9-12

Altars:
Dithmenos
Fedhas
Gozag
Kikubaaqudgha
Makhleb
Okawaru
Qazlal
Trog
Wu Jian
Xom
Zin

Shops:
D:3 *   D:10 [

Annotations:
D:5 3 runed translucent doors, Squid's ghost, novice MiBe


Innate Abilities, Weirdness & Mutations

Your serpentine skin is tough. (AC +3)
You have supernaturally acute eyesight. (SInv)
Armour fits poorly on your strangely shaped body.
Your system is resistant to poisons. (rPois)
You cover ground very slowly.
You can spit poison.
You have a snake-like lower body.


Message History

The meliai calls upon its god to heal the meliai.
The meliai's wounds heal themselves!
The meliai invokes the aid of its god against you.
Something smites you!
The meliai mumbles some strange prayers to its god against you.
Something smites you!
The meliai hits you with a +1 war axe of freezing!
* * * LOW HITPOINT WARNING * * *
The meliai freezes you.
* * * LOW HITPOINT WARNING * * *
The meliai stings you but does no damage.
You are too injured to fight recklessly!
You hit the meliai.
You kill the meliai!
Okawaru accepts your kill.
You have got your breath back.
The meliai closely misses you. The meliai barely misses you.
Your Dodging skill increases to level 2!
You feel better.
The meliai calls down the wrath of its god upon you.
Something smites you!
* * * LOW HITPOINT WARNING * * *
You block the meliai's attack.
The meliai stings you but does no damage.
You feel much better.
The meliai calls down the wrath of its god upon you.
Something smites you!
* * * LOW HITPOINT WARNING * * *
The meliai calls down the wrath of its god upon you.
Something smites you!
* * * LOW HITPOINT WARNING * * *
Abil: Spit Poison
Press: ? - help, Q - select action, (/) - cycle Shift-Dir - straight line, f/p - meliai
Aim: a meliai, wielding a +1 war axe of freezing and wearing a +0 leather armour The splash of poison hits the meliai but does no damage.
The meliai is poisoned.
You block the meliai's attack. The meliai stings you.
* * * LOW HITPOINT WARNING * * *
The meliai hits you with a +1 war axe of freezing!
You die...

........# ........#
#..... ........#
..... ......#<#
.?.. ....(##.#
...## ##.####.#
...# #....##.. ..#
#....##.. ####y#
#....##... #..)@#
#....##..# #.####
#....##..# #.#
#....##..####.#####
.........##..(....#
#.....##.##......##
..............####
..............#
..............###


You could see a meliai (poisoned).

Vanquished Creatures
  Gastronok (D:8)
  A hydra (D:8)
  Pikel (D:8)
  A troll (D:10)
  2 meliai (D:10)
  2 hornets
  Grinder (D:3)
  Prince Ribbit (D:6)
  A wyvern (D:7)
  A wraith (Ossuary)
  10 yaks
  3 steam dragons (D:9)
  Menkaure (D:5)
  2 water moccasins (D:8)
  6 orc warriors
  5 black bears
  6 sky beasts
  3 ice beasts
  A necrophage (D:4)
  2 centaurs
  2 lemures (D:8)
  2 phantoms
  2 kobold brigands
  8 bullfrogs
  A scorpion (D:5)
  4 killer bees (D:10)
  12 wights
  5 howler monkeys
  A vampire bat (D:3)
  3 centaur zombies
  A bullfrog zombie (D:6)
  A jelly (D:5)
  4 orc priests
  2 hounds
  4 iguanas
  Jessica (D:3)
  Natasha (thrice) (D:4)
  6 orc wizards
  A hound zombie (D:5)
  A mummy (Ossuary)
  4 gnolls
  9 adders
  2 worms
  4 dart slugs
  3 fire bats (D:3)
  33 orcs
  2 spectral bats (D:3)
  A bat simulacrum (D:3)
  3 bat skeletons (D:3)
  A bat zombie (D:3)
  4 endoplasms
  11 giant cockroaches
  8 goblins
  8 hobgoblins
  8 jackals
  15 kobolds
  7 quokkas
  4 ball pythons
  14 bats
  13 frilled lizards
  2 gnoll skeletons (Ossuary)
  9 kobold skeletons (Ossuary)
  14 orc skeletons (Ossuary)
  16 rats
310 creatures vanquished.

Vanquished Creatures (others)
  A sky beast (D:9)
  15 fungi (D:8)
  24 plants (D:8)
40 creatures vanquished.

Grand Total: 350 creatures vanquished

Notes
Turn   | Place    | Note
-------+----------+-------------------------------------------
     0 | D:1      | miscthings the Naga Fighter began the quest for the Orb.
     0 | D:1      | Reached XP level 1. HP: 21/21 MP: 1/1
    30 | D:1      | Reached XP level 2. HP: 18/28 MP: 2/2
   210 | D:1      | Found a faded altar of an unknown god.
   235 | D:1      | Reached skill level 3 in Axes
   537 | D:1      | Reached XP level 3. HP: 34/34 MP: 3/3
   948 | D:2      | Reached skill level 4 in Axes
  1237 | D:2      | Reached XP level 4. HP: 42/42 MP: 4/4
  1823 | D:3      | Noticed an ice beast
  1824 | D:3      | Noticed Jessica
  1836 | D:3      | Killed an ice beast
  1837 | D:3      | Reached skill level 5 in Axes
  1837 | D:3      | Reached XP level 5. HP: 31/49 MP: 5/5
  1837 | D:3      | Killed Jessica
  1838 | D:3      | Reached skill level 6 in Axes
  1989 | D:3      | Noticed Grinder
  2007 | D:3      | Killed Grinder
  2008 | D:3      | Reached skill level 7 in Axes
  2008 | D:3      | Reached XP level 6. HP: 28/56 MP: 6/6
  2203 | D:3      | Found Balafun's Assorted Antiques.
  2206 | D:3      | Bought a scroll labelled FOLYGO HOLUMU for 26 gold pieces
  2206 | D:3      | Bought a scroll labelled UQILEOTRO for 26 gold pieces
  2206 | D:3      | Bought a scroll labelled FOLYGO HOLUMU for 26 gold pieces
  2271 | D:3      | Reached XP level 7. HP: 57/62 MP: 7/7
  2732 | D:4      | Reached skill level 8 in Axes
  2925 | D:4      | Reached skill level 9 in Axes
  2925 | D:4      | Reached XP level 8. HP: 60/69 MP: 8/8
  3170 | D:4      | Noticed Natasha
  3175 | D:4      | Killed Natasha
  3231 | D:4      | Noticed Natasha
  3233 | D:4      | Found a glowing silver altar of Zin.
  3237 | D:4      | Killed Natasha
  3238 | D:4      | Reached skill level 10 in Axes
  3268 | D:4      | Noticed a yak
  3280 | D:4      | Killed a yak
  3281 | D:4      | Noticed a yak
  3282 | D:4      | Noticed a yak
  3285 | D:4      | Noticed a yak
  3292 | D:4      | Killed a yak
  3296 | D:4      | Killed a yak
  3297 | D:4      | Reached skill level 11 in Axes
  3303 | D:4      | Killed a yak
  3304 | D:4      | Reached XP level 9. HP: 42/75 MP: 9/9
  3393 | D:4      | Noticed Natasha
  3400 | D:4      | Killed Natasha
  3659 | D:5      | Entered Level 5 of the Dungeon
  3883 | D:5      | Found a runed translucent gate.
  3883 | D:5      | Noticed Squid's ghost (novice MiBe)
  3884 | D:5      | Found a runed translucent gate.
  3884 | D:5      | Found a runed translucent gate.
  4006 | D:5      | Found a burning altar of Makhleb.
  4007 | D:5      | Noticed Menkaure
  4023 | D:5      | Killed Menkaure
  4024 | D:5      | Reached skill level 12 in Axes
  4208 | D:5      | Found a glowing drain.
  4223 | Sewer    | Entered a sewer
  4421 | Sewer    | Identified the +11 mace of Dan Mab {antimagic, rElec rC+}
  4892 | D:6      | Found a sand-covered staircase.
  4899 | Ossuary  | Entered an ossuary
  4918 | Ossuary  | Reached skill level 1 in Maces & Flails
  5276 | D:6      | Found a staircase to the Ecumenical Temple.
  5292 | Temple   | Entered the Ecumenical Temple
  5312 | Temple   | Became a worshipper of Warmaster Okawaru
  5387 | D:6      | Noticed Prince Ribbit
  5393 | D:6      | Killed Prince Ribbit
  5394 | D:6      | Reached skill level 5 in Maces & Flails
  6068 | D:7      | Noticed a hornet
  6071 | D:7      | Killed a hornet
  6071 | D:7      | Reached * piety under Okawaru
  6072 | D:7      | Reached XP level 10. HP: 83/84 MP: 3/10
  6907 | D:8      | Noticed Pikel
  6934 | D:8      | Killed Pikel
  6934 | D:8      | Reached ** piety under Okawaru
  6988 | D:8      | Found a staircase to the Lair.
  7404 | D:3      | Bought a steaming scale mail for 234 gold pieces
  7404 | D:3      | Identified the +0 scale mail of Experimentation {rElec
                  | Int+3} (You bought it in a shop on level 3 of the Dungeon)
  7711 | D:8      | Reached *** piety under Okawaru
  7828 | D:8      | Reached skill level 10 in Maces & Flails
  7832 | D:8      | Noticed Gastronok
  7832 | D:8      | Noticed a six-headed hydra
  8090 | D:8      | Killed a six-headed hydra
  8091 | D:8      | Reached XP level 11. HP: 24/90 MP: 3/11
  8395 | D:8      | Killed Gastronok
  9025 | D:9      | Reached skill level 1 in Invocations
  9102 | D:9      | Reached skill level 1 in Evocations
  9171 | D:9      | Reached skill level 1 in Dodging
  9187 | D:9      | Reached **** piety under Okawaru
  9497 | D:9      | Found a bloodstained altar of Trog.
  9703 | D:10     | Entered Level 10 of the Dungeon
  9760 | D:10     | Found Osats's Armour Emporium.
  9931 | D:10     | Slain by a meliai

Illustrated notes

Levels and vault maps discovered:
D:1:      mrwooster_arrival_statue_2, layout_loops_cross,
          ebering_ecumenical_altar_box, st_stairs_5, corner_web_ring
D:2:      layout_basic
D:3:      layout_loops_ring, serial_shops, nicolae_shop_behind_doors,
          goddamned_bats, uniq_grinder, uniq_jessica
D:4:      layout_loops_ring, mainiacjoe_overflow_small_starburst,
          grunt_ministairs_14, kennysheep_generic_room_4, uniq_natasha
D:5:      layout_basic, mainiacjoe_overflow_tiny_flanked, portal_sewer_entry_e,
          gammafunk_ghost_split, minmay_misc_feat_four_crosses,
          nrook_pool_corridor, corexii_corridor_pit, small_statue_intersection,
          uniq_menkaure
D:6:      layout_basic, temple_fountains, chequers_ossuary_entry_cave,
          uniq_prince_ribbit1
D:7:      layout_loops_ring
D:8:      layout_basic, due_lair_maze_entry_diamond, grunt_ministairs_3,
          minmay_starry_boxes, uniq_pikel, uniq_gastronok
D:9:      layout_gridville, mainiacjoe_overflow_cross_hatched,
          hangedman_misty_isle
D:10:     layout_rooms, nzn_hepliaklqana_mist_gate, serial_shops, shop
Temple:   regret_index_temple_mists

Skill      XL: |  1  2  3  4  5  6  7  8  9 10 11 |
---------------+----------------------------------+-----
Axes           | 3 4 5 7 9 11 12 | 12.5
Maces & Flails | 6 10 11 | 11.7
Invocations    | 2 |  2.6
Evocations     | 2 |  2.3
Dodging        | 2 |  2.0
Armour         | 3 |  3.4
Shields        | 3 |  3.3
Fighting       | 4 |  4.1

Action                   |  1- 3 |  4- 6 |  7- 9 | 10-12 || total
-------------------------+-------+-------+-------+-------++-------
Melee: War axe           |   114 |    68 |   246 |       ||   428
       Mace              |       |       |   107 |   326 ||   433
Invok: Heroism           |       |       |       |     2 ||     2
 Abil: Spit Poison       |     4 |     3 |    28 |    21 ||    56
  Use: Potion            |       |     1 |       |     4 ||     5
       Scroll            |       |       |     9 |     7 ||    16
Armor: Scale mail        |    57 |    41 |   158 |    89 ||   345
       Steam dragon scal |       |       |       |    47 ||    47
Dodge: Dodged            |    44 |    31 |    91 |    81 ||   247
Block: Buckler           |    36 |    40 |   169 |   148 ||   393
       Reflection        |       |       |     2 |     5 ||     7

Table legend: (Time is in decaauts)
 A = Elapsed time spent in this place.
 B = Non-inter-level travel time spent in this place.
 C = Inter-level travel time spent in this place.
 D = Time resting spent in this place.
 E = Time spent auto-exploring this place.
 F = Levels seen in this place.
 G = Mean time per level.
                   A        B        C        D        E       F      G
               +--------+--------+--------+--------+--------+-----+--------+
         Total |  12720 |  11870 |    850 |   1772 |   6992 |  13 |  978.5 |
       Dungeon |  12113 |  11291 |    822 |   1772 |   6775 |  10 | 1211.3 |
        Temple |     66 |     38 |     28 |      0 |      7 |   1 |   66.0 |
         Sewer |    315 |    315 |      0 |      0 |     79 |   1 |  315.0 |
       Ossuary |    225 |    225 |      0 |      0 |    129 |   1 |  225.0 |
               +--------+--------+--------+--------+--------+-----+--------+

Top non-repeatable levels by time:
     D:8: 2090 daAuts
     D:3: 1472 daAuts
     D:5: 1356 daAuts
     D:4: 1287 daAuts
     D:6: 1237 daAuts
     D:7: 1181 daAuts
     D:1: 1109 daAuts
     D:9: 1068 daAuts
     D:2: 1030 daAuts
   Sewer: 315 daAuts
    D:10: 277 daAuts
 Ossuary: 225 daAuts
  Temple: 66 daAuts
